 Dungeon Crawl Stone Soup version 0.17.1-3-g152610e (webtiles) character file.

87 namelastname112 the Ducker (level 4, -7/23 HPs)
             Began as a Spriggan Berserker on Apr 16, 2016.
             Was an Initiate of Ashenzari.
             Mangled by a polar bear (25 damage)
             ... created by the rage of Trog
             ... on level 2 of the Dungeon.
             The game lasted 00:04:09 (2333 turns).

namelastname112 the Ducker (Spriggan Berserker)     Turns: 2333, Time: 00:04:09

Health: -7/23      AC:  3    Str: 13    XL:     4   Next: 28%
Magic:  6/6        EV: 21    Int:  8    God:    Ashenzari [......]
Gold:   131        SH:  0    Dex: 20    Spells: 0 memorised, 3 levels left

rFire  . . .     SeeInvis +     a - +0 short sword
rCold  . . .     Clarity  .     b - +0 animal skin
rNeg   . . .     SustAt   .     (shield restricted)
rPois  .         Gourm    .     (helmet restricted)
rElec  .         Spirit   .     f - +0 cloak
rCorr  .         Warding  .     (gloves unavailable)
rMut   .         Stasis   .     (boots unavailable)
MR     .....                    h - amulet of rage
Stlth  +.........               (no ring)
                                g - +4 ring of dexterity

@: confused, very quick, not resistant to hostile enchantments, very unstealthy
A: unfitting armour, see invisible, herbivore 3, speed 3, slow metabolism 2
a: Renounce Religion, Evoke Berserk Rage


You were on level 2 of the Dungeon.
You worshipped Ashenzari.
Ashenzari was noncommittal.
You were not hungry.

You visited 1 branch of the dungeon, and saw 3 of its levels.

You collected 131 gold pieces.

Inventory:

Hand Weapons
 a - a +0 short sword (weapon)
Armour
 b - a +0 animal skin (worn)
 f - a +0 cloak (worn)
Jewellery
 g - a +4 ring of dexterity (left hand)
 h - an amulet of rage (around neck)
 j - a cursed ring of teleportation
 l - a +3 ring of intelligence
Scrolls
 e - a scroll of teleportation {unknown}
 i - a scroll of remove curse
 k - a scroll of identify {unknown}
Comestibles
 c - 2 bread rations


   Skills:
 + Level 2.7 Fighting
 * Level 4.5 Short Blades
 + Level 4.5 Dodging
 + Level 2.2 Stealth
 + Level 2.0 Evocations


You had 3 spell levels left.
You didn't know any spells.

Dungeon Overview and Level Annotations

Branches:
Dungeon (3/15)

Altars:
Ashenzari


Innate Abilities, Weirdness & Mutations

You are tiny and cannot use many weapons and most armour.
You have supernaturally acute eyesight.
You are a herbivore.
You cover ground extremely quickly.
You need consume almost no food.


Message History

You hear an angry growl.
You hear an angry growl.
There is a stone staircase leading up here.
You hear an angry growl. x2
You climb upwards.
There is a stone staircase leading down here.
You found a teleport trap!
You start resting.
Trog sends monsters to punish you. The divine experience confuses you!
You are confused. 4 polar bears and a black bear come into view.
You regained 9 hp, and now have 19/23 hp.
You're too confused to move!
There are monsters nearby!
The polar bear closely misses you. The polar bear misses you.
The polar bear completely misses you. The polar bear misses you.
The polar bear completely misses you. The polar bear claws you.
The polar bear bites you!!
Ouch! That really hurt!
You die...

......# #.# #......# ### #.###.#
#.####.###..# #.# #..<#.#
#......# #..# #.# ......#
######## #..###.#### #.#####
#.......).#
###################.###.#########
......................#.# #......
##########.....hhh....#.# #.#####
#.....h@h....#.# #.# #
##########.......^....#.# #.# #
........##..........)...###.# #
.......[##..........#.......# #
........##..........'...#####
...#######..........#..## (#.#
#........[.#...# .#.#
#############..# ##.# #..##


You could see 4 polar bears and a black bear (berserk).

Vanquished Creatures
  3 adders
  2 oozes (D:2)
  A worm (D:2)
  3 giant geckos
  4 bats
  5 giant cockroaches
  6 goblins
  6 hobgoblins
  3 giant newts
  8 kobolds
  7 rats
48 creatures vanquished.

Notes
Turn   | Place    | Note
--------------------------------------------------------------
     0 | D:1      | namelastname112 the Spriggan Berserker began the quest for the Orb.
     0 | D:1      | Reached XP level 1. HP: 11/11 MP: 2/2
   354 | D:1      | Fell from the grace of Trog
   409 | D:1      | xeno23: блядь
   409 | D:1      | namelastname112: забываю все время
   445 | D:1      | xeno23: ты кинул трога
   594 | D:1      | namelastname112: ну да
   594 | D:1      | namelastname112: типа
   594 | D:1      | namelastname112: челлендж
   641 | D:1      | Reached skill level 1 in Stealth
   641 | D:1      | Reached XP level 2. HP: 8/16 MP: 3/3
   839 | D:1      | Found a shattered altar of Ashenzari.
  1046 | D:1      | Became a worshipper of Ashenzari the Shackled
  1339 | D:2      | Reached XP level 3. HP: 10/19 MP: 4/4
  1556 | D:2      | Reached skill level 1 in Evocations
  1731 | D:2      | Reached XP level 4. HP: 21/23 MP: 6/6
  2049 | D:3      | HP: 1/23 [poisoned by an adder]
  2163 | D:3      | Noticed a polar bear
  2163 | D:3      | Noticed a polar bear
  2163 | D:3      | Noticed a black bear
  2163 | D:3      | Noticed a polar bear
  2163 | D:3      | Noticed a black bear
  2170 | D:3      | Wingboner: Нет статуи. Бегаю тентаклем с 3/38/0, чувствую себя троллем. В том, что убиваю всё с 1-2 ударов, но и сам иногда отхватываю.
  2331 | D:2      | Noticed a polar bear
  2331 | D:2      | Noticed a polar bear
  2331 | D:2      | Noticed a black bear
  2331 | D:2      | Noticed a polar bear
  2331 | D:2      | Noticed a polar bear
  2333 | D:2      | Mangled by a polar bear

Action                   |  1- 3 |  4- 6 || total
-------------------------+-------+-------++-------
Melee: Short sword       |   143 |    45 ||   188
Invok: Renounce Religion |     1 |       ||     1
  Use: Potion            |       |     1 ||     1
 Stab: Sleeping          |     4 |     2 ||     6
       Invisible         |       |     1 ||     1
